 Dungeon Crawl Stone Soup version 0.30-a0-924-g0ad0bf95bc (webtiles) character file.

Game seed: 17295842528277480961

72 hikkokomori the Shooter (level 4, -5/32 (35) HPs)
             Began as a Formicid Hunter on Mar 23, 2023.
             Slain by an orc
             ... wielding a +0 hand axe
              (7 damage)
             ... on level 3 of the Dungeon.
             The game lasted 00:01:19 (1290 turns).

hikkokomori the Shooter (Formicid Hunter)           Turns: 1290, Time: 00:01:19

HP:   -5/32 (35)    AC:  3    Str: 15    XL:     4   Next: 50%
MP:   4/4           EV: 12    Int:  9    God:
Gold: 130           SH:  0    Dex: 19    Spells: 3/3 levels left

rFire   . . .      SeeInvis +    a - +0 shortbow
rCold   . . .      Faith    .    (no shield)
rNeg    . . .      Spirit   .    c - +0 leather armour
rPois   .          Reflect  .    (helmet unavailable)
rElec   .          Rampage  .    i - scarf {shadows}
rCorr   .                        (no gloves)
Will    .....                    (no boots)
Stlth   ++                       (no amulet)
HPRegen 0.25/turn                (no ring)
MPRegen 0.09/turn                (no ring)

@: drained
A: permanent stasis, dig shafts and tunnels, antennae 3, four strong arms
a: Dig, Shaft Self


You were on level 3 of the Dungeon.
You visited 1 branch of the dungeon, and saw 3 of its levels.

You collected 130 gold pieces.

Inventory:

Hand Weapons
 a - a +0 shortbow (weapon)
Missiles
 h - 3 javelins
Armour
 c - a +0 leather armour (worn)
 i - a scarf of shadows (worn)
Jewellery
 o - a ring of fire
Scrolls
 b - 3 scrolls of immolation
 d - a scroll of noise {unknown}
 e - a scroll of fog {unknown}
 g - a scroll of enchant weapon {unknown}
 k - 3 scrolls of identify {unknown}
 m - a scroll of enchant armour {unknown}
Potions
 f - 3 potions of mutation {unknown}
 j - 2 potions of curing {unknown}
 l - a potion of might {unknown}
 n - a potion of degeneration {unknown}


   Skills:
 + Level 3.0 Fighting
 * Level 4.9 Ranged Weapons
 - Level 1.7 Dodging
 + Level 2.7 Stealth


You had 3 spell levels left.
You didn't know any spells.
Your spell library contained the following spells:

 Spells                   Type           Power      Damage    Failure   Level
 Blade Hands              Tmut           0%         N/A       100%        5
 Irradiate                Conj/Tmut      0%         3d11      100%        5
 Dragon Form              Tmut           0%         N/A       100%        7


Dungeon Overview and Level Annotations

Branches:
Dungeon (3/15)

Altars:

Annotations:
D:3 2 runed translucent doors, valliere's ghost, amateur SpEn


Innate Abilities, Weirdness & Mutations

You cannot be hasted, slowed, berserked, paralysed or teleported.
You can dig through walls and to a lower floor.
You have a pair of large antennae on your head. (SInv)
Your four strong arms can wield two-handed weapons with a shield.


Message History

Press: ? - help, Shift-Dir - straight line, f/p - orc priest
Aim: an orc priest, wielding a +0 club and wearing a +0 scale mail (heavily wounded, 68% to hit)
You shoot an arrow. The arrow hits the orc priest.
The orc priest is heavily wounded.
The orc closely misses you. The orc priest hits you with a +0 club.
The orc hits you with a +3 dagger.
You retract your mandibles.
The orc attacks as you move away! The orc hits you with a +3 dagger.
The orc barely misses you.
You see here a ball python corpse.
Unknown command.
Fire: a) +0 shortbow
Press: ? - help, Shift-Dir - straight line, f/p - orc priest
Aim: an orc priest, wielding a +0 club and wearing a +0 scale mail (heavily wounded, 68% to hit)
You shoot an arrow. The arrow barely misses the orc priest.
The orc priest misses you. The orc barely misses you.
Unknown command.
Fire: a) +0 shortbow
Press: ? - help, Shift-Dir - straight line, f/p - orc priest
Aim: an orc priest, wielding a +0 club and wearing a +0 scale mail (heavily wounded, 68% to hit)
You shoot an arrow.
The arrow hits the orc priest but does no damage.
The orc priest is heavily wounded.
The orc hits you from afar with a +0 trident.
The orc priest looks braver for a moment.
The orc hits you with a +0 hand axe.
* * * LOW HITPOINT WARNING * * *
The orc hits you with a +0 hand axe.
* * * LOW HITPOINT WARNING * * *
The orc priest barely misses you. The orc closely misses you.
Fire: a) +0 shortbow
Press: ? - help, Shift-Dir - straight line, f/p - orc priest
Aim: an orc priest, wielding a +0 club and wearing a +0 scale mail (heavily wounded, 68% to hit)
You shoot an arrow. The arrow hits the orc priest.
The orc priest is severely wounded.
The orc barely misses you.
The orc priest mumbles some strange prayers to Beogh against you.
Pain shoots through your body!
* * * LOW HITPOINT WARNING * * *
The orc hits you with a +0 hand axe!
You die...

......................##.
.#......#.............##.
........#.............###
.#......#.............#
#......#################
######.# #.............
#.####.............
#..o...............
##@###.............
##o##.............
.....ooo..............
..............(.......
......................
.........#.....######.
.........###...# #.
#....>.... ...# ####.
#....


You could see an orc priest and 3 orcs.

Vanquished Creatures
  4 adders (D:2)
  2 dart slugs (D:1)
  7 ball pythons
  5 endoplasms
  A giant cockroach (D:1)
  A goblin (D:1)
  A hobgoblin (D:1)
  3 kobolds (D:1)
  2 quokkas
  2 bats
  A frilled lizard (D:2)
  2 rats
31 creatures vanquished.

Notes
Turn   | Place    | Note
-------+----------+-------------------------------------------
     0 | D:1      | hikkokomori the Formicid Hunter began the quest for the
                  | Orb.
     0 | D:1      | Reached XP level 1. HP: 16/16 MP: 1/1
   112 | D:1      | Reached XP level 2. HP: 23/23 MP: 2/2
   422 | D:1      | Reached XP level 3. HP: 28/28 MP: 3/3
   950 | D:2      | Reached XP level 4. HP: 34/34 MP: 4/4
  1247 | D:3      | Found a runed translucent gate.
  1247 | D:3      | Found a runed translucent gate.
  1247 | D:3      | Noticed valliere's ghost (amateur SpEn)
  1290 | D:3      | Slain by an orc

Illustrated notes

Levels and vault maps discovered:
D:1:      dpeg_arrival_fog, layout_basic
D:2:      layout_rooms, serial_park_tiny_2
D:3:      layout_basic, mainiacjoe_overflow_catwalk,
          nicolae_yredelemnul_ghost_church

Skill      XL: |  1  2  3  4 |
---------------+-------------+-----
Stealth        | 2 |  2.7
Fighting       | 3 |  3.0
Ranged Weapons | |  4.9
Dodging        | |  1.7

Action                     |  1- 3 |  4- 6 || total
---------------------------+-------+-------++-------
   Fire: Shortbow          |    60 |    22 ||    82
Ability: Dig               |       |     1 ||     1
 Armour: Leather armour    |     4 |     1 ||     5
  Dodge: Dodged            |    15 |    14 ||    29

Table legend: (Time is in decaauts)
 A = Elapsed time spent in this place.
 B = Non-inter-level travel time spent in this place.
 C = Inter-level travel time spent in this place.
 D = Time resting spent in this place.
 E = Time spent auto-exploring this place.
 F = Levels seen in this place.
 G = Mean time per level.
                   A        B        C        D        E       F      G
               +--------+--------+--------+--------+--------+-----+--------+
         Total |   1314 |   1223 |     91 |      0 |   1036 |   3 |  438.0 |
       Dungeon |   1314 |   1223 |     91 |      0 |   1036 |   3 |  438.0 |
               +--------+--------+--------+--------+--------+-----+--------+

Top non-repeatable levels by time:
     D:1: 675 daAuts
     D:2: 516 daAuts
     D:3: 121 daAuts
